 Dungeon Crawl Stone Soup version 0.17.0-27-g4a3f43e (webtiles) character file.

31608 xeno23 the Cleaver (level 13, -3/111 HPs)
             Began as a Hill Orc Fighter on Nov 21, 2015.
             Was the Champion of Beogh.
             Slain by a salamander
             ... wielding a +4 trident
              (15 damage)
             ... in a volcano.
             The game lasted 01:49:59 (14578 turns).

xeno23 the Cleaver (Hill Orc Fighter)              Turns: 14578, Time: 01:50:00

Health: -3/111     AC: 28    Str: 32    XL:     13   Next: 59%
Magic:  17/18      EV: 15    Int:  8    God:    Beogh [******]
Gold:   1073       SH:  0    Dex: 20    Spells: 0 memorised, 12 levels left

rFire  . . .     SeeInvis .     U - +10 great mace of Gluttony {holy, -Tele rElec rC+ Dex+9}
rCold  + . .     Clarity  .     c - +3 chain mail
rNeg   . . .     SustAt   .     (shield currently unavailable)
rPois  +         Gourm    .     K - +0 helmet
rElec  +         Spirit   .     s - +1 cloak
rCorr  .         Warding  .     N - +0 pair of gloves
rMut   +         NoTele   +     O - +1 pair of boots
MR     .....                    Y - amulet of resist mutation
Stlth  ..........               p - +3 ring of protection
                                z - +4 ring of strength

@: mighty, not resistant to hostile enchantments, extremely unstealthy
A: walk on water, poison resistance, wild magic 2
a: Smiting, Recall Orcish Followers, Give Item to Named Follower, Renounce
Religion


You were in a volcano.
You worshipped Beogh.
Beogh was exalted by your worship.
You were not hungry.

You visited 4 branches of the dungeon, and saw 20 of its levels.
You also visited: Volcano.

You collected 1271 gold pieces.
You spent 198 gold pieces at shops.

Inventory:

Hand Weapons
 b - a +0 blowgun
 U - the +10 great mace of Gluttony (weapon) {holy, -Tele rElec rC+ Dex+9}
   (You found it on level 9 of the Dungeon)

   It has been blessed by the Shining One to cause great damage to the undead
   and demons.
   It affects your dexterity (+9).
   It protects you from cold.
   It insulates you from electricity.
   It prevents most forms of teleportation.
Missiles
 j - 124 poisoned needles
 F - 6 javelins (quivered)
Armour
 c - a +3 chain mail (worn)
 s - a +1 cloak (worn)
 K - a +0 helmet (worn)
 N - a +0 pair of gloves (worn)
 O - a +1 pair of boots (worn)
Rods
 k - a +2 rod of ignition (11/11)
   (You found it on level 10 of the Dungeon)
Jewellery
 f - an uncursed ring of protection from cold
 p - a +3 ring of protection (right hand)
 z - a +4 ring of strength (left hand)
 Y - an amulet of resist mutation (around neck)
Wands
 B - a wand of draining (7)
 M - a wand of lightning (9)
 T - a wand of confusion (36)
 V - a wand of disintegration (16)
Scrolls
 a - 2 scrolls of silence
 i - 6 scrolls of teleportation
 l - a scroll of summoning
 v - 5 scrolls of fog
 y - 3 scrolls of enchant weapon
 A - a scroll of fear
 G - a scroll of recharging
 I - 4 scrolls of remove curse
 J - 2 scrolls of identify
 L - a scroll of magic mapping
 W - 2 scrolls of amnesia
Potions
 h - a potion of cure mutation
 m - 2 potions of cancellation
 n - a potion of lignification
 o - 5 potions of curing
 t - 4 potions of heal wounds
 u - 2 potions of agility
 C - 3 potions of flight
 H - a potion of magic
 R - 4 potions of haste
 X - a potion of resistance
Comestibles
 D - 7 meat rations
 E - 9 slices of pizza


   Skills:
 + Level 9.2 Fighting
   Level 14.8(15.7) Axes
 * Level 8.0(11.4) Maces & Flails
 + Level 10.3 Armour
 + Level 7.6 Dodging
   Level 8.4 Shields
 - Level 7.2 Invocations
 + Level 6.7 Evocations


You had 12 spell levels left.
You didn't know any spells.

Dungeon Overview and Level Annotations

Branches:
Dungeon (11/15)            Temple (1/1) D:7            Lair (7/8) D:11
  Swamp (0/4) Lair:6        Snake (0/4) Lair:5        Slime (0/6) Lair:7
    Orc (1/4) D:9

Altars:
Ashenzari
Cheibriados
Dithmenos
Elyvilon
Fedhas
Gozag
Kikubaaqudgha
Makhleb
Nemelex Xobeh
Okawaru
Qazlal
Ru
Sif Muna
Trog
Vehumet
Xom
Yredelemnul
Zin
Jiyva

Shops:
D:5 *


Innate Abilities, Weirdness & Mutations

You can walk on water.
Your system is resistant to poisons.
Your spells are harder to cast, but more powerful.


Message History

The salamander hits you from afar with an enchanted trident!
* * * LOW HITPOINT WARNING * * *
You are engulfed in flames!
* * * LOW HITPOINT WARNING * * *
The salamander mystic hits you but does no damage.
You take 19 damage.
You bludgeon the salamander mystic!!
The salamander mystic is severely wounded.
The salamander hits you but does no damage.
The salamander mystic hits you but does no damage.
You hit the salamander mystic.
The salamander mystic is severely wounded.
The salamander barely misses you.
The salamander mystic gestures at you while chanting.
The bolt of magma hits you! Beogh protects you from harm!
The salamander hits you from afar with an enchanted trident!
* * * LOW HITPOINT WARNING * * *
You are engulfed in flames!
You die...

##..§≈≈≈≈≈≈≈§≈≈≈≈≈≈§
#...§≈≈≈≈≈≈≈≈≈§≈≈≈≈≈
#...≈§≈≈≈≈§≈≈≈≈§≈≈§≈
###...§§≈§≈≈§§§≈§§≈§
##..≈§≈≈≈§§≈§≈≈≈≈§ # #####
##..≈≈§§§§§§§≈≈≈≈ ###. #...##
###..§≈≈§§≈§§§§§≈≈
#.8..#....###8....§§§§≈≈§§§≈≈≈
#._..'.∩..'NN@...§.§§§≈§≈≈§≈..
#.8..#)...###8...§.§≈≈≈≈§≈...#
###. #...## ####....≈≈≈.≈.####
# ##### ####......## ########


You could see a salamander mystic and a salamander.

Vanquished Creatures
  Fannar (Lair:3)
  3 hydras
  2 hill giants
  An orc knight (D:9)
  An ugly thing (D:11)
  2 cyclopes (D:11)
  2 elephants (Lair:6)
  A salamander (Volcano)
  A spiny frog (Lair:6)
  A torpor snail (Lair:4)
  4 komodo dragons
  A troll (D:11)
  A freezing wraith (D:11)
  A polar bear (Lair:7)
  3 wolves
  2 blink frogs
  2 two-headed ogres
  A slime creature (D:11)
  A shadow (D:11)
  Sigmund (D:6)
  2 basilisks (Lair:1)
  A human (D:8)
  A deep elf fighter (D:11)
  5 hippogriffs
  Eustachio (D:6)
  13 yaks
  A wraith (D:11)
  A hungry ghost (D:11)
  2 vampire mosquitoes (Lair:6)
  A warg (D:9)
  6 water moccasins
  2 sky beasts
  12 porcupines
  4 phantoms
  6 ogres
  A wasp (D:8)
  3 crocodiles
  4 orc warriors
  4 big kobolds
  6 centaurs
  Blork the orc (D:6)
  9 giant frogs
  3 scorpions
  A water moccasin skeleton (D:7)
  An electric eel (Lair:6)
  2 quasits
  A giant frog zombie (D:5)
  8 wights
  7 hounds
  A wasp zombie (D:5)
  3 lava snakes (Volcano)
  2 jellies (D:9)
  3 orc priests
  17 iguanas
  A centaur skeleton (D:6)
  10 crimson imps
  6 orc wizards
  A human skeleton (D:7)
  2 giant frog skeletons
  A sheep (D:11)
  8 worker ants
  A killer bee zombie (D:7)
  2 hound zombies
  A worker ant zombie (D:8)
  3 gnolls (D:5)
  13 river rats
  15 adders
  A shadow imp (D:7)
  An ooze (D:2)
  4 worms
  An adder skeleton (D:7)
  2 giant geckos
  19 orcs
  5 bats
  6 giant cockroaches
  12 goblins
  9 hobgoblins
  15 kobolds
  2 giant gecko skeletons
  4 giant newts
  5 jackals
  A kobold zombie (D:7)
  7 quokkas
  3 quokka skeletons
  10 rats
  A plant (D:11)
339 creatures vanquished.

Vanquished Creatures (collateral kills)
  2 hydras
  Nergalle (D:10)
  An orc knight (Orc:1)
  A hill giant (D:10)
  An ugly thing (D:11)
  A manticore (D:11)
  4 black mambas
  4 elephants (Lair:6)
  4 fire drakes
  2 komodo dragons
  7 blink frogs
  2 deep elf priests (D:8)
  A two-headed ogre (D:10)
  A troll (D:10)
  A polar bear (Lair:4)
  A boulder beetle (Lair:6)
  2 slime creatures (D:11)
  18 yaks
  4 hippogriffs
  A vampire mosquito (Lair:6)
  6 wolves
  6 water moccasins
  2 ogres
  A porcupine (Lair:3)
  A sky beast (D:8)
  3 orc warriors
  5 crocodiles
  A black bear (Lair:1)
  8 giant frogs
  An electric eel (Lair:2)
  A hound (D:10)
  3 orc priests
  A giant frog skeleton (D:11)
  An iguana (Lair:6)
  3 worker ants
  A sheep (D:11)
  2 adders
  16 river rats
  5 orcs
  7 bats (D:11)
  5 kobolds
  A giant gecko skeleton (D:9)
  6 rats (D:11)
  A bush (Lair:4)
  22 fungi
  16 plants
184 creatures vanquished.

Vanquished Creatures (others)
  2 orc knights (D:11)
  6 orc warriors
  3 orc priests
  An orc wizard (D:10)
  12 orcs
  4 fungi
28 creatures vanquished.

Grand Total: 551 creatures vanquished

Notes
Turn   | Place    | Note
--------------------------------------------------------------
     0 | D:1      | xeno23 the Hill Orc Fighter began the quest for the Orb.
     0 | D:1      | Reached XP level 1. HP: 19/19 MP: 1/1
   185 | D:1      | Reached XP level 2. HP: 27/27 MP: 2/2
   522 | D:1      | Reached skill level 4 in Axes
   663 | D:2      | Reached XP level 3. HP: 28/33 MP: 3/3
  1027 | D:2      | Reached skill level 5 in Axes
  1170 | D:2      | Reached XP level 4. HP: 40/40 MP: 4/4
  1790 | D:3      | Found a sacrificial altar of Ru.
  1808 | D:3      | Reached skill level 6 in Axes
  1825 | D:3      | Reached XP level 5. HP: 28/46 MP: 5/5
  1843 | D:3      | Became a worshipper of Beogh the Brigand
  2896 | D:4      | Reached skill level 1 in Dodging
  2989 | D:4      | Found an opulent altar of Gozag.
  2989 | D:4      | Found a sparkling altar of Nemelex Xobeh.
  3000 | D:4      | Reached skill level 7 in Axes
  3000 | D:4      | Reached XP level 6. HP: 21/52 MP: 6/6
  3060 | D:5      | Entered Level 5 of the Dungeon
  3241 | D:5      | Found Webu's General Store.
  3305 | D:5      | Bought a +1 war axe of flaming for 172 gold pieces
  3305 | D:5      | Bought a scroll of identify for 26 gold pieces
  3362 | D:5      | Reached skill level 8 in Axes
  3362 | D:5      | Reached XP level 7. HP: 52/58 MP: 7/7
  3438 | D:5      | Reached skill level 5 in Shields
  3500 | D:5      | Reached * piety under Beogh
  3647 | D:5      | Got a steaming robe
  3662 | D:5      | Identified the +2 robe of the Doldrums {*Contam Str+6 SInv} (You found it on level 5 of the Dungeon)
  3708 | D:5      | Gained mutation: Armour fits poorly on your strangely shaped body. [mutagenic glow]
  3851 | D:5      | Reached skill level 9 in Axes
  3855 | D:5      | Reached XP level 8. HP: 66/66 MP: 8/8
  4344 | D:6      | Found a stormy altar of Qazlal.
  4471 | D:6      | Reached skill level 10 in Axes
  4471 | D:6      | Reached skill level 5 in Armour
  4537 | D:6      | Noticed Sigmund
  4560 | D:6      | Killed Sigmund
  4660 | D:6      | Noticed Blork the orc
  4694 | D:6      | Killed Blork the orc
  4694 | D:6      | Reached ** piety under Beogh
  4694 | D:6      | Reached XP level 9. HP: 63/71 MP: 9/9
  4713 | D:6      | Found a deep blue altar of Sif Muna.
  4869 | D:6      | Found a blossoming altar of Fedhas.
  4871 | D:6      | Found a bloodstained altar of Trog.
  4971 | D:6      | Noticed Eustachio
  4982 | D:6      | Killed Eustachio
  5016 | D:6      | Lost mutation: Armour fits poorly on your strangely shaped body. [potion of cure mutation]
  5134 | D:7      | Reached skill level 11 in Axes
  5180 | D:7      | Found a staircase to the Ecumenical Temple.
  5220 | D:7      | HP: 1/71 [orc warrior/flail of venom (15)]
  5275 | Temple   | Entered the Ecumenical Temple
  5676 | D:7      | Noticed a hill giant
  5714 | D:7      | Killed a hill giant
  5714 | D:7      | Reached skill level 1 in Invocations
  5846 | D:7      | Reached skill level 12 in Axes
  5896 | D:7      | Found a runed door.
  5899 | D:7      | Found a basalt altar of Yredelemnul.
  5904 | D:7      | Reached XP level 10. HP: 78/78 MP: 11/11
  6040 | D:7      | Reached *** piety under Beogh
  6558 | D:8      | Found a snail-covered altar of Cheibriados.
  6613 | D:8      | Found a sacrificial altar of Ru.
  6873 | D:9      | Found a radiant altar of Vehumet.
  6874 | D:9      | Found a burning altar of Makhleb.
  6926 | D:9      | Found a staircase to the Orcish Mines.
  6931 | D:9      | Gained Brandogh as an ally
  6931 | D:9      | Reached skill level 5 in Dodging
  7114 | D:9      | Got a pitted great mace
  7308 | D:9      | Reached **** piety under Beogh
  7357 | Orc:1    | Entered Level 1 of the Orcish Mines
  7370 | Orc:1    | Noticed an orc knight
  7371 | Orc:1    | Noticed an orc knight
  7372 | Orc:1    | Noticed an orc knight
  7377 | Orc:1    | Noticed an orc knight
  7384 | Orc:1    | Killed an orc knight
  7384 | Orc:1    | Reached skill level 13 in Axes
  7384 | Orc:1    | Reached skill level 5 in Invocations
  7384 | Orc:1    | Reached skill level 1 in Evocations
  7388 | Orc:1    | Your ally Brandogh died
  7440 | D:10     | Entered Level 10 of the Dungeon
  7875 | D:10     | Reached skill level 5 in Fighting
  7879 | D:10     | Reached XP level 11. HP: 46/86 MP: 14/14
  7907 | D:10     | Noticed Nergalle
  8171 | D:9      | Killed an orc knight
  8233 | D:10     | Killed Nergalle
  8312 | D:10     | Got a twisted great sword
  8319 | D:10     | Identified the +10 great mace of Gluttony {holy, -Tele rElec rC+ Dex+9} (You found it on level 9 of the Dungeon)
  8320 | D:10     | Identified the +3 great sword "Jiluni" {freeze, Str+3 Stlth+} (You found it on level 10 of the Dungeon)
  8467 | D:10     | Noticed a hill giant
  8475 | D:10     | Killed a hill giant
  8961 | D:11     | Reached skill level 14 in Axes
  8986 | D:11     | Reached ***** piety under Beogh
  9600 | D:11     | Noticed a hill giant
  9604 | D:11     | Killed a hill giant
  9604 | D:11     | Reached XP level 12. HP: 94/97 MP: 17/17
  9609 | D:11     | Identified a +2 rod of ignition (11/11) (You found it on level 10 of the Dungeon)
  9636 | D:11     | Noticed a six-headed hydra
  9643 | D:11     | Killed a six-headed hydra
  9936 | D:11     | Found a staircase to the Lair.
  9959 | D:11     | Reached skill level 1 in Maces & Flails
 10022 | Lair:1   | Entered Level 1 of the Lair of Beasts
 10372 | Lair:1   | Noticed a seven-headed hydra
 10378 | Lair:1   | Killed a seven-headed hydra
 10872 | Lair:2   | Gained Ortolf as an ally
 10913 | Lair:2   | Reached skill level 5 in Evocations
 11527 | Lair:3   | Gained Bogdan as an ally
 11713 | Lair:3   | Noticed Fannar
 11721 | Lair:3   | Killed Fannar
 11814 | Lair:3   | Reached skill level 5 in Maces & Flails
 12423 | Lair:4   | Gained Olfrun as an ally
 12819 | Lair:5   | Found a sacrificial altar of Ru.
 12878 | Lair:5   | Reached XP level 13. HP: 97/107 MP: 18/18
 12887 | Lair:5   | Gained mutation: Your system is resistant to poisons. [potion of mutation]
 12887 | Lair:5   | Gained mutation: Your spells are a little harder to cast, but a little more powerful. [potion of mutation]
 12887 | Lair:5   | Gained mutation: Your spells are harder to cast, but more powerful. [potion of mutation]
 13127 | Lair:5   | Found a staircase to the Snake Pit.
 13143 | Lair:5   | Reached ****** piety under Beogh
 13255 | Lair:5   | Noticed a six-headed hydra
 13261 | Lair:5   | Killed a six-headed hydra
 13433 | Lair:6   | Found a staircase to the Swamp.
 13439 | Lair:6   | Reached skill level 10 in Armour
 14181 | Lair:7   | Gained Ugrim as an ally
 14302 | Lair:7   | Found a staircase to the Slime Pits.
 14302 | Lair:7   | Found a viscous altar of Jiyva.
 14432 | Lair:7   | Found a dark tunnel.
 14446 | Volcano  | Entered a volcano
 14552 | Volcano  | Found a radiant altar of Vehumet.
 14578 | Volcano  | Beogh protects you from harm!
 14578 | Volcano  | Slain by a salamander

Action                   |  1- 3 |  4- 6 |  7- 9 | 10-12 | 13-15 || total
-------------------------+-------+-------+-------+-------+-------++-------
Melee: Spear             |   106 |   171 |       |     5 |       ||   282
       War axe           |     6 |     8 |   270 |   213 |       ||   497
       Great mace        |       |       |       |   289 |   150 ||   439
 Fire: Blowgun           |       |       |     6 |     4 |       ||    10
Invok: Convert to Beogh  |       |     1 |       |       |       ||     1
       Smiting           |       |       |       |     1 |       ||     1
       Recall Orcish Fol |       |       |       |     8 |     2 ||    10
       Stop Recall       |       |       |       |     1 |       ||     1
       Give Item to Name |       |       |       |     1 |       ||     1
Evoke: Wand              |       |       |       |     1 |       ||     1
       Rod               |       |       |       |     1 |       ||     1
  Use: Potion            |     1 |       |     5 |       |     3 ||     9
       Scroll            |       |    15 |     5 |    12 |     5 ||    37
 Stab: Paralysed         |       |     1 |       |       |       ||     1
       Sleeping          |       |     1 |       |       |       ||     1
       Distracted        |       |       |       |     4 |     1 ||     5
  Eat: Chunk             |       |     8 |     9 |    21 |     6 ||    44
       Royal jelly       |       |       |       |     1 |       ||     1
